[Event "Late-Titled-Tuesday-Blitz-August-29-2023"]
[Site "Chess.com"]
[Date "2023.08.29"]
[Round "8"]
[White "GreatOwl02"]
[Black "ErikRonka"]
[Result "0-1"]
[WhiteElo "2379"]
[BlackElo "2498"]
[TimeControl "180+1"]
[EndTime "15:27:31 PDT"]
[Termination "ErikRonka won by resignation"]

1. d4 Nf6 2. c4 e5 3. dxe5 Ne4 4. Nd2 Bb4 5. Nf3 Nc6 6. a3 Bxd2+ 7. Bxd2 Qe7 8. Qc2 Nxd2 9. Qxd2 Nxe5 10. Nxe5 Qxe5 11.
e3 b6 12. Rd1 d6 13. Qd4 Bb7 14. Qxe5+ dxe5 15. Be2 a5 16. O-O Ke7 17. Bg4 Rhd8 18. f4 e4 19. Kf2 g6 20. Be2 Bc6 21. g4 Ba4 22. Rd4 f5 23. h4 c5 24. Rxd8 Rxd8 25. gxf5 gxf5 26. Ke1 Rg8 27. Kf2 Kf6 28. Rg1 Rd8 29.
Ke1 h6 30. Bh5 Be8 31. Rg8 Ke7 32. Bxe8 Rxe8 33. Rg7+ Kf6 34. Rb7 Re6 35. Kf2 Kg6 36. Kg3 Rd6 37. Rb8 Kh5 38. Rb7 Rd3 39. Rxb6 Rxe3+ 40. Kf2 Rf3+ 41. Ke2 Rxf4 42. Rb5 Rxh4 43. Rxc5 Kg4 44.
b4 axb4 45. axb4 f4 46. Rc8 Rh2+ 47. Ke1 Kf3 48. c5 e3 0-1

[Event "Late-Titled-Tuesday-Blitz-August-29-2023"]
[Site "Chess.com"]
[Date "2023.08.29"]
[Round "8"]
[White "Matibar"]
[Black "dennisodessa"]
[Result "1-0"]
[WhiteElo "2821"]
[BlackElo "2536"]
[TimeControl "180+1"]
[EndTime "15:27:33 PDT"]
[Termination "Matibar won on time"]

1. Nf3 Nf6 2. b4 e6 3. a3 c5 4. c3 d5 5. g3 a5 6. bxc5 Bxc5 7. Bg2 O-O 8. O-O Nc6 9. a4 b6 10.
Ba3 Ba6 11. Bxc5 bxc5 12. Na3 Rb8 13. d3 Rb2 14. Rb1 Qb6 15. Nd2 Rb8 16. Qc1 Kf8 17. h3 Ke7 18. Re1 Rxb1 19. Ndxb1 Qb2 20. Qf4 e5 21. Qg5 Kf8 22. Kf1 Rb3 23. c4 h6 24.
Qc1 Nd4 25. cxd5 Qxc1 26. Rxc1 Ke7 27. Rxc5 e4 28. Rxa5 exd3 29. Rxa6 dxe2+ 30. Ke1 Rd3 31. d6+ Kd8 32. Ra8+ Kd7 33. Ra7+ Kxd6 34. Nc4+ Kc5 35. Ncd2 Rc3 36. Nxc3 1-0

[Event "Late-Titled-Tuesday-Blitz-August-29-2023"]
[Site "Chess.com"]
[Date "2023.08.29"]
[Round "8"]
[White "FeketeBarika"]
[Black "KejJaj"]
[Result "1-0"]
[WhiteElo "2357"]
[BlackElo "2211"]
[TimeControl "180+1"]
[EndTime "15:27:33 PDT"]
[Termination "FeketeBarika won on time"]

1. Nf3 f5 2. g3 Nf6 3. c4 e6 4.
Nc3 d5 5. d4 c6 6. Bg2 Bd6 7. b3 O-O 8. Bf4 Bxf4 9. gxf4 Ne4 10.
Qc2 Qa5 11. Rc1 Nd7 12. O-O Ndf6 13. Nxe4 dxe4 14. Ne5 Qd8 15. Rfd1 Bd7 16. Qc3 Be8 17. Kh1 Bh5 18. Rc2 Ng4 19. Qg3 Nxe5 20. fxe5 f4 21.
Qh3 Bg6 22. Qxe6+ Kh8 23. Qh3 f3 24. Bf1 e3 25. Rc3 fxe2 26. Bxe2 exf2 27. Bf3 Qg5 28.
Rf1 Qd2 29. Bg2 Rf7 30. Rg3 Kg8 31. e6 Re7 32. d5 cxd5 33. cxd5 Rd8 34. Qh4 Rde8 35.
Rg5 Qe1 36. Qxf2 Qb4 37. Rg3 Qd6 38. a4 a6 39. Qd4 Rd8 40. Qh4 Rde8 41. Rg5 Qa3 42.
Qg3 Qc5 43. Rxg6 hxg6 44. Qxg6 Qd6 45. Be4 1-0

[Event "Late-Titled-Tuesday-Blitz-August-29-2023"]
[Site "Chess.com"]
[Date "2023.08.29"]
[Round "8"]
[White "rdarruda"]
[Black "Quattroporte300"]
[Result "1-0"]
[WhiteElo "2583"]
[BlackElo "2410"]
[TimeControl "180+1"]
[EndTime "15:27:35 PDT"]
[Termination "rdarruda won by resignation"]

1. Nf3 c5 2. c4 Nc6 3. Nc3 g6 4. e3 Bg7 5. d4 cxd4 6. exd4 d6 7. Be2 Bg4 8. Be3 Nf6 9. O-O O-O 10. h3 Bxf3 11.
Bxf3 Rc8 12. Qa4 a6 13. Rad1 Nd7 14. b3 Nb6 15. Qa3 Qc7 16. Qb2 e6 17. Qd2 Rfd8 18. d5 Ne5 19. Be2 exd5 20. Nxd5 Nxd5 21. Qxd5 Qc6 22. f4 Qxd5 23. Rxd5 Nc6 24. Bb6 Rd7 25. Rfd1 Bf8 26. Bg4 f5 27. Bf3 Nb4 28. R5d2 Re8 29. a3 Nc6 30. c5 Kg7 31. cxd6 Re6 32. Bc5 h6 33. a4 g5 34. g3 gxf4 35. gxf4 Kf6 36.
b4 Rg7+ 37. Kf2 Rd7 38. b5 axb5 39. axb5 Nd8 40. Bd4+ Kf7 41. Bd5 Rxd6 42. Be5 Rxd5 43. Rxd5 Be7 44. Rxd8 Bxd8 45. Rxd8 Rb6 46. Rd5 Ke6 47.
Rc5 Kd7 48. Bd4 Rg6 49. Rxf5 Rg8 50. Rf7+ 1-0

[Event "Late-Titled-Tuesday-Blitz-August-29-2023"]
[Site "Chess.com"]
[Date "2023.08.29"]
[Round "8"]
[White "Defenstrator"]
[Black "C_K_G"]
[Result "1-0"]
[WhiteElo "2263"]
[BlackElo "2001"]
[TimeControl "180+1"]
[EndTime "15:27:35 PDT"]
[Termination "Defenstrator won by checkmate"]

1. e4 c5 2. Ke2 Nc6 3. Ke3 d5 4. Ke2 dxe4 5. Ke1 Nf6 6. Nc3 e5 7. Nge2 Bf5 8. Ng3 Bg6 9. Bb5 Qc7 10. Qe2 a6 11. Bxc6+ Qxc6 12. b3 h5 13. Bb2 h4 14.
Nf1 O-O-O 15. g4 Nd5 16. Nxd5 Qxd5 17. Ne3 Qc6 18. Bxe5 f6 19. Bc3 Bd6 20. Kd1 Rhe8 21. Kc1 Be5 22. Kb2 b5 23. Bxe5 Rxe5 24. a4 Bf7 25.
axb5 axb5 26. Ra7 Be6 27. Rha1 c4 28. Ra8+ Kd7 29. R1a7+ Ke8 30. Rxd8+ Kxd8 31. Rxg7 cxb3 32. cxb3 Qc5 33. Nc2 Qd5 34. Qe3 Rg5 35. Qb6+ Ke8 36. Ra7 Qxb3+ 37. Kc1 Bd5 38. Qb8# 1-0

[Event "Late-Titled-Tuesday-Blitz-August-29-2023"]
[Site "Chess.com"]
[Date "2023.08.29"]
[Round "8"]
[White "ExchangeAB"]
[Black "ural58"]
[Result "1-0"]
[WhiteElo "2440"]
[BlackElo "2506"]
[TimeControl "180+1"]
[EndTime "15:27:37 PDT"]
[Termination "ExchangeAB won on time"]

1. d4 d5 2. Nc3 Nf6 3. Bf4 a6 4. e3 Bd7 5. Nf3 e6 6. Bd3 c5 7.
dxc5 Bxc5 8. O-O Bb4 9. Ne2 Nc6 10. Ng3 Qe7 11. e4 e5 12. Bg5 d4 13. Nh4 Qd8 14.
Nhf5 Bf8 15. c3 h6 16. Bd2 g6 17. cxd4 gxf5 18. dxe5 Nxe5 19. Bc3 Nxd3 20. Qxd3 Be7 21. Rfd1 O-O 22. Bxf6 Bxf6 23. Qxd7 Qxd7 24. Rxd7 fxe4 25. Nxe4 Bxb2 26. Rb1 Bg7 27. Rbxb7 Rac8 28. g3 Rc2 29. Nd6 Bd4 30. Nxf7 Bxf2+ 31. Kh1 Be3 32. a4 Ra2 33. Re7 Bg5 34. Red7 a5 35. Rdc7 Re8 36. Ne5 Bf6 37.
Nf3 Rxa4 38. Kg2 Ra2+ 39. Kh3 Rf2 40. Nh4 Rb2 41. Ra7 a4 42. Nf5 1-0

[Event "Late-Titled-Tuesday-Blitz-August-29-2023"]
[Site "Chess.com"]
[Date "2023.08.29"]
[Round "8"]
[White "Fonsofan"]
[Black "Jumbo"]
[Result "1-0"]
[WhiteElo "2700"]
[BlackElo "2915"]
[TimeControl "180+1"]
[EndTime "15:27:40 PDT"]
[Termination "Fonsofan won on time"]

1. e4 c5 2. Nf3 d6 3. Bb5+ Nd7 4. c4 Nf6 5. Nc3 g6 6. d4 cxd4 7. Nxd4 Bg7 8. f3 O-O 9. Bxd7 Bxd7 10. b3 Qa5 11.
Bd2 Qe5 12. Be3 Rfc8 13. Qd2 a6 14. O-O b5 15. cxb5 axb5 16. Rfc1 b4 17. Nce2 Rxc1+ 18. Rxc1 Qa5 19. Nc6 Qxa2 20. Nxe7+ Kf8 21. Rc2 Qxb3 22. Nc6 Kg8 23. Nxb4 Ra4 24. Nc6 h5 25. Ncd4 Qb1+ 26. Qc1 Qb4 27. Qd2 Qb7 28. Rb2 Qa8 29. h3 Kh7 30.
Nc3 Ra1+ 31. Kf2 Qe8 32. Ra2 Rxa2 33. Qxa2 Qe7 34. Qc4 Be8 35. Nd5 Nxd5 36. Qxd5 Bd7 37. Nb5 Bf8 38. Bf4 Be6 39. Bxd6 Qe8 40. Qc5 Bg7 41.
Kg3 Qd7 42. Kh2 1-0

[Event "Late-Titled-Tuesday-Blitz-August-29-2023"]
[Site "Chess.com"]
[Date "2023.08.29"]
[Round "8"]
[White "GMBenjaminBok"]
[Black "jefferyx"]
[Result "1-0"]
[WhiteElo "2931"]
[BlackElo "3018"]
[TimeControl "180+1"]
[EndTime "15:27:41 PDT"]
[Termination "GMBenjaminBok won by checkmate"]

1. d4 Nf6 2. c4 c5 3. Nf3 cxd4 4.
Nxd4 e6 5. g3 a6 6. Bg2 Qc7 7.
Nc3 Qxc4 8. Bf4 Nc6 9. Nb3 h5 10. Rc1 Qb4 11. O-O h4 12. e4 hxg3 13. hxg3 d6 14. Be3 Na5 15. Nd2 Nc6 16. a3 Qa5 17.
Nc4 Qh5 18. Qxh5 Rxh5 19. Rfd1 Ne5 20. Nb6 Rb8 21. Ne2 Bd7 22. Rc7 Bc6 23. Nd4 Be7 24. Nxc6 bxc6 25. Nc8 Bd8 26. Nxd6+ Kf8 27. Ra7 Nfg4 28.
Bc5 Kg8 29. f3 Nf6 30. Bd4 Bb6 31. Bxb6 Rxb6 32. f4 Neg4 33. Nxf7 Rxb2 34. Rd8+ Kh7 35. Ng5+ Kh6 36. Rh8+ Kg6 37. Rxh5 Nxh5 38. Nxe6 Nxg3 39. Rxg7+ Kh5 40. Rh7+ Kg6 41. Rg7+ Kh5 42. Bf3 Kh4 43. Rxg4+ Kh3 44. Ng5# 1-0

[Event "Late-Titled-Tuesday-Blitz-August-29-2023"]
[Site "Chess.com"]
[Date "2023.08.29"]
[Round "8"]
[White "Alphafischer2019"]
[Black "Lennis93"]
[Result "1-0"]
[WhiteElo "2539"]
[BlackElo "2674"]
[TimeControl "180+1"]
[EndTime "15:27:41 PDT"]
[Termination "Alphafischer2019 won by checkmate"]

1. d4 Nf6 2. Bf4 c5 3. e3 g6 4. Nc3 Nh5 5. Be5 f6 6. Bg3 d5 7. dxc5 e6 8. b4 Nc6 9. a3 a5 10. Rb1 axb4 11. axb4 Nxg3 12. hxg3 Bg7 13. Bb5 O-O 14.
Nge2 Ne7 15. Qd2 e5 16. Rd1 Be6 17. Ba4 Qc7 18. Bb3 Rfd8 19. e4 Bf7 20. exd5 Nc6 21. d6 Qd7 22. Nd5 Bxd5 23. Bxd5+ Kh8 24. c3 f5 25. Qg5 Qe8 26. Kd2 h5 27. g4 Kh7 28.
gxh5 Bh6 29. hxg6+ Qxg6 30. f4 exf4 31. Qxg6+ Kxg6 32. Rxh6+ Kxh6 33. Nxf4 Ne5 34. Rh1+ Kg5 35. Ne6+ Kg4 36. Nxd8 Rxd8 37. c4 b6 38. Kc3 bxc5 39.
bxc5 Kg3 40. Re1 Nd7 41. c6 Nc5 42. c7 Rf8 43. Be6 Ne4+ 44. Rxe4 fxe4 45. c8=Q Rxc8 46. Bxc8 e3 47. Kd3 Kf2 48. Bg4 Kg3 49. Be2 Kf2 50. d7 Kxg2 51. d8=Q Kf2 52. Qf6+ Ke1 53. Qf1# 1-0

[Event "Late-Titled-Tuesday-Blitz-August-29-2023"]
[Site "Chess.com"]
[Date "2023.08.29"]
[Round "8"]
[White "Good_Knight_Kiss"]
[Black "ZuraTqebuchava"]
[Result "0-1"]
[WhiteElo "2329"]
[BlackElo "2174"]
[TimeControl "180+1"]
[EndTime "15:27:41 PDT"]
[Termination "ZuraTqebuchava won on time"]

1. e4 e5 2. Nf3 Nc6 3. Bb5 d6 4.
d4 exd4 5. Nxd4 Bd7 6. O-O Be7 7. c4 Nf6 8. Nc3 O-O 9. Re1 Nxd4 10. Qxd4 a6 11.
Bxd7 Nxd7 12. Nd5 Bf6 13. Nxf6+ Qxf6 14. Qxf6 Nxf6 15. Bg5 Nd7 16. f3 h6 17. Be3 Rfe8 18. Rac1 Ne5 19. Red1 b6 20. Kf2 a5 21. b3 Kh7 22. h3 g5 23. Rd5 Kg6 24. Rh1 h5 25. h4 g4 26. f4 Nd7 27. Rg5+ Kh6 28. e5 Nc5 29. Bxc5 dxc5 30. Rf5 Kg6 31. Rf6+ Kg7 32.
Rc6 Re7 33. Rd1 a4 34. Rd2 axb3 35. axb3 Ra3 36. Rb2 Ra1 37. Ke3 Rg1 38. Ke4 Rh1 39. g3 Rg1 40. Kf5 Rxg3 41. Kg5 Rf3 0-1

[Event "Late-Titled-Tuesday-Blitz-August-29-2023"]
[Site "Chess.com"]
[Date "2023.08.29"]
[Round "8"]
[White "CraiggoryC"]
[Black "SergioMoralesG"]
[Result "1-0"]
[WhiteElo "2234"]
[BlackElo "2400"]
[TimeControl "180+1"]
[EndTime "15:27:41 PDT"]
[Termination "CraiggoryC won on time"]

1. e4 c5 2. Nf3 e6 3. d4 cxd4 4. Nxd4 Nc6 5. Nc3 Qc7 6. Be3 a6 7. Qd2 Nf6 8. O-O-O Bb4 9. f3 Ne5 10. Nb3 b5 11. a3 Be7 12. f4 Nc4 13. Bxc4 Qxc4 14.
e5 Ng4 15. Bg1 O-O 16. h3 Nh6 17. g4 b4 18. axb4 Bxb4 19. Qd4 Qxd4 20. Bxd4 Bb7 21. Rhg1 f5 22. exf6 gxf6 23. g5 Nf5 24. gxf6+ Kf7 25. Be5 d6 26. Na2 dxe5 27. fxe5 Bd5 28. Nxb4 Ne3 29.
Nxd5 exd5 30. Rg7+ Ke6 31. Re7+ Kf5 32. Rd4 Rg8 33.
Kd2 Nc4+ 34. Rxc4 dxc4 35. Nd4+ Ke4 36. f7 Rg2+ 37. Kc3 Rg3+ 38. Kxc4 Rc8+ 39. Kb4 Kxd4 40. Re8 Rg8 41. fxg8=Q 1-0

[Event "Late-Titled-Tuesday-Blitz-August-29-2023"]
[Site "Chess.com"]
[Date "2023.08.29"]
[Round "8"]
[White "Arystanner"]
[Black "Beca95"]
[Result "0-1"]
[WhiteElo "2871"]
[BlackElo "2958"]
[TimeControl "180+1"]
[EndTime "15:27:42 PDT"]
[Termination "Beca95 won by resignation"]

1. d4 Nf6 2. Nf3 e6 3. c4 c5 4.
e3 a6 5. Nc3 d5 6. a3 dxc4 7.
Bxc4 b5 8. Ba2 Bb7 9. O-O Nbd7 10. Qe2 Bd6 11. Rd1 Qb8 12. h3 O-O 13. d5 exd5 14.
Nxd5 Nxd5 15. Bxd5 Bxd5 16. Rxd5 Nf6 17. Rf5 Re8 18. Bd2 Qc8 19. Qd3 c4 20. Qc2 Ne4 21. Rd5 Qe6 22. Rh5 g6 23. Rh4 f5 24. Bb4 Bc7 25. Rd1 Rad8 26. Rd4 Rxd4 27. Nxd4 Qf6 28.
Nf3 Qd8 29. Bc3 Qd3 30. Qxd3 cxd3 31. Nd2 Nxc3 32. bxc3 Be5 33. c4 Bc3 34. Nb1 Bf6 35. Rf4 Rc8 36. Nd2 Be5 37. Rh4 g5 38. Rh5 bxc4 39. Rxg5+ Bg7 40. Rxf5 c3 41. Nb3 Rd8 0-1

[Event "Late-Titled-Tuesday-Blitz-August-29-2023"]
[Site "Chess.com"]
[Date "2023.08.29"]
[Round "8"]
[White "Schwindle"]
[Black "vladgoncharov"]
[Result "0-1"]
[WhiteElo "2402"]
[BlackElo "2507"]
[TimeControl "180+1"]
[EndTime "15:27:42 PDT"]
[Termination "vladgoncharov won by resignation"]

1. Nf3 Nf6 2. d4 e6 3. c4 c5 4. Nc3 cxd4 5. Nxd4 Bb4 6. Qc2 Nc6 7. Nf3 d5 8. a3 Qa5 9. e3 Ne4 10. Bd2 Nxd2 11. Qxd2 Bxc3 12. Qxc3 Qxc3+ 13. bxc3 dxc4 14. Bxc4 Ke7 15. Ke2 Na5 16. Bd3 Bd7 17. Rab1 Rac8 18. Kd2 Rhd8 19. Rhc1 Ba4 20. Ke2 b6 21. Rb4 Bc6 22. Nd4 g6 23. f3 Be8 24. Ba6 Rc5 25.
c4 e5 26. Nb3 Nxb3 27. Rxb3 Bd7 28. Rd3 Be6 29. Rxd8 Kxd8 30. Rc3 Ke7 31. e4 Bd7 32.
Bb7 f6 33. Bd5 Ra5 34. Kd3 Kd6 35. g3 Kc5 36. Ke3 a6 37. f4 Kd6 38. Rb3 b5 39. Rd3 Kc7 40. c5 Bc6 41. h4 Ra4 42. Bg8 Rxe4+ 43.
Kd2 exf4 44. gxf4 Rxf4 45. Bxh7 Rg4 46. Bxg6 Rxg6 0-1

[Event "Late-Titled-Tuesday-Blitz-August-29-2023"]
[Site "Chess.com"]
[Date "2023.08.29"]
[Round "8"]
[White "cthulhuuu"]
[Black "Dr_crypt"]
[Result "0-1"]
[WhiteElo "2467"]
[BlackElo "2346"]
[TimeControl "180+1"]
[EndTime "15:27:45 PDT"]
[Termination "Dr_crypt won on time"]

1. e4 d5 2. exd5 Qxd5 3. d3 Nf6 4. Nc3 Qd8 5. g3 c6 6. Bg2 Bg4 7.
Nf3 e6 8. h3 Bh5 9. O-O Be7 10.
Re1 O-O 11. g4 Bg6 12. Ne5 Nbd7 13. Nxg6 hxg6 14. Bf4 Nd5 15. Bd2 Bf6 16. Ne4 Bxb2 17. Rb1 Bd4 18. Rxb7 Bb6 19. c4 N5f6 20. Nxf6+ Nxf6 21. Bxc6 Rc8 22. Bg2 Qxd3 23. Bb4 Rfd8 24. Qxd3 Rxd3 25.
Bf1 Rf3 26. c5 Bxc5 27. Bxc5 Rxc5 28. Rxa7 Rc2 29. Re2 Rxe2 30. Bxe2 Rxh3 31. a4 Ra3 32. a5 Ra2 33. Bf1 Nxg4 34. a6 Nxf2 35. Rd7 Nh3+ 36.
Kh1 Nf2+ 37. Kg2 Nd3+ 38. Kg3 Nc5 39. Rd8+ Kh7 40. Ra8 Nxa6 41. Rxa6 Rxa6 42. Bxa6 Kh6 43. Kf4 f6 44. Bc8 e5+ 45. Ke4 Kg5 46. Bd7 Kh4 47. Be8 g5 48. Kf5 g4 49. Bc6 Kh3 0-1

[Event "Late-Titled-Tuesday-Blitz-August-29-2023"]
[Site "Chess.com"]
[Date "2023.08.29"]
[Round "8"]
[White "RCone"]
[Black "Djager97"]
[Result "1-0"]
[WhiteElo "2452"]
[BlackElo "2565"]
[TimeControl "180+1"]
[EndTime "15:27:47 PDT"]
[Termination "RCone won on time"]

1. e4 e5 2. Bc4 Nf6 3. Nc3 Nc6 4. d3 Bc5 5. f4 exf4 6. Bxf4 d6 7. Nf3 O-O 8. d4 Bb6 9. Bg5 h6 10. Bxf6 Qxf6 11.
Nd5 Qg6 12. O-O Qxe4 13. Nxb6 axb6 14. Qd2 Bd7 15. Rae1 Qg6 16. Bd3 Qh5 17. a3 Rae8 18. c3 Rxe1 19. Rxe1 Re8 20. Rf1 Bf5 21. Bxf5 Qxf5 22.
Ne5 Qh5 23. Nf3 f6 24. h3 Ne7 25. Nh2 Nd5 26. Ng4 Qg5 27. Qf2 h5 28. Nh2 Qe3 29.
Nf3 b5 30. Qxe3 Rxe3 31. Kf2 Re8 32. h4 Kf7 33. Rc1 Nf4 34. Rc2 d5 35. g3 Ne6 36.
Ne1 c6 37. Nd3 g6 38. Rc1 Nf8 39. Ra1 Ra8 40. Nc5 b6 41. Nd3 Nd7 42. Nf4 Re8 43.
Kf3 Kg7 44. b3 1-0

[Event "Late-Titled-Tuesday-Blitz-August-29-2023"]
[Site "Chess.com"]
[Date "2023.08.29"]
[Round "8"]
[White "Fleetw00dMac"]
[Black "egnfanclub"]
[Result "1/2-1/2"]
[WhiteElo "2463"]
[BlackElo "2322"]
[TimeControl "180+1"]
[EndTime "15:27:47 PDT"]
[Termination "Game drawn by repetition"]

1. d4 d5 2. c4 c6 3. cxd5 cxd5 4. Bf4 Nf6 5. Nc3 Bf5 6. e3 Nc6 7. Rc1 e6 8. Qb3 Bb4 9. Bb5 Bxc3+ 10.
Qxc3 Rc8 11. Qa3 Qb6 12. Bxc6+ Rxc6 13. Rxc6 Qxc6 14. Ne2 Qa6 15. Qxa6 bxa6 16. Bb8 Kd7 17. Bxa7 Rc8 18. Bc5 Ne4 19. b4 a5 20. a3 Nxc5 21.
bxc5 Rb8 22. Nc1 Rb2 23. O-O Kc6 24. f3 Bg6 25. Re1 f6 26. Ne2 Rc2 27. Nf4 e5 28. Nxg6 hxg6 29. Rb1 exd4 30. exd4 Rc3 31. Rb6+ Kc7 32.
Rd6 Rxa3 33. Rxd5 Ra1+ 34. Kf2 a4 35. Rd6 a3 36. Ra6 Rd1 37. Rxa3 Rxd4 38. Ra7+ Kc6 39. Rxg7 g5 40. Rf7 Rf4 41. g3 Rf5 42. Ke3 Kxc5 43. Rd7 Kc6 44. Rd2 Re5+ 45. Kf2 Rd5 46. Rxd5 Kxd5 47.
h4 gxh4 48. gxh4 Ke5 49. Kg3 Kf5 50. f4 Kg6 51. Kg4 f5+ 52. Kg3 Kh6 53. Kh3 Kh5 54.
Kg3 Kg6 55. Kh3 Kh5 56. Kg3 Kg6 57. Kh3 Kh5 1/2-1/2

[Event "Late-Titled-Tuesday-Blitz-August-29-2023"]
[Site "Chess.com"]
[Date "2023.08.29"]
[Round "8"]
[White "vi_pranav"]
[Black "cassoulet"]
[Result "1-0"]
[WhiteElo "2948"]
[BlackElo "2735"]
[TimeControl "180+1"]
[EndTime "15:27:48 PDT"]
[Termination "vi_pranav won on time"]

1. e4 c5 2. Nf3 d6 3. d4 cxd4 4. Nxd4 Nf6 5. Nc3 Bd7 6. Bg5 e5 7.
Nb3 Bc6 8. Bd3 Nbd7 9. O-O Be7 10. Nd2 h6 11. Be3 O-O 12. a4 d5 13. exd5 Nxd5 14.
Nxd5 Bxd5 15. Re1 Re8 16. Nf1 Bc6 17. Ng3 Bf8 18. Nf5 Qf6 19. Qg4 Kh8 20. Be4 Bxe4 21. Qxe4 Nc5 22. Qg4 Ne6 23. Rad1 Rad8 24. Bxa7 Rxd1 25.
Rxd1 g6 26. Ng3 Nd4 27. c3 Nc6 28. Be3 Rd8 29. Rxd8 Qxd8 30. h3 Kh7 31. Qc4 f5 32.
Nf1 Qd7 33. Bc5 Bg7 34. Ne3 Qd2 35. b4 e4 36. Qd5 Qxc3 37. b5 Ne5 38. Nf1 Nd3 39.
Be3 Qe1 40. Qxb7 f4 41. Bd4 1-0

[Event "Late-Titled-Tuesday-Blitz-August-29-2023"]
[Site "Chess.com"]
[Date "2023.08.29"]
[Round "8"]
[White "JoakimVonAnd"]
[Black "Kacparov"]
[Result "0-1"]
[WhiteElo "2733"]
[BlackElo "2917"]
[TimeControl "180+1"]
[EndTime "15:27:48 PDT"]
[Termination "Kacparov won by checkmate"]

1. Nf3 d5 2. g3 c6 3. Bg2 Bg4 4. O-O Nf6 5. h3 Bxf3 6. Bxf3 Nbd7 7. d3 e5 8. e4 dxe4 9. dxe4 Bc5 10. Qe2 O-O 11. a4 a5 12. Na3 Qc7 13. Nc4 Nb6 14. Be3 Bxe3 15. Nxe3 Rad8 16. Rfd1 g6 17. b3 Qe7 18.
Qe1 Qc5 19. Bg2 Kg7 20. c3 Rxd1 21. Rxd1 Qa3 22. Rb1 Rd8 23. Nc2 Qc5 24. b4 axb4 25.
Rxb4 Rd3 26. Kh2 Rxc3 27. Rxb6 Rxc2 28. Rxb7 Rxf2 29. a5 Ra2 30. Qb1 Qf2 31. Qg1 Qxg1+ 32. Kxg1 Rxa5 33. Rc7 Rc5 34. Kf2 Rc2+ 35. Kf3 h5 36.
Bf1 Rc3+ 37. Kg2 Nxe4 38. g4 hxg4 39. hxg4 Kf6 40. Ba6 Nd6 41. Rd7 Ke6 42. Rc7 e4 43. Kf2 f5 44. gxf5+ gxf5 45. Ke2 Ke5 46. Kd2 Rc5 47.
Re7+ Kf4 48. Rd7 Nc4+ 49. Ke2 Ne5 50. Rd6 Rc2+ 51. Kd1 Ra2 52. Bc8 Ra8 53. Be6 Rf8 54.
Ke2 Rf6 55. Kd1 c5 56. Ke2 Nf3 57. Ra6 Nd4+ 58. Kf2 Rxe6 59. Ra3 Rb6 60. Ra2 Ke5 61. Rd2 f4 62. Ke1 Nf3+ 63. Ke2 Nxd2 64. Kxd2 Kd4 65.
Kc2 f3 66. Kd2 c4 67. Kc2 e3 68. Kd1 Kd3 69. Kc1 f2 70. Kd1 f1=Q# 0-1

[Event "Late-Titled-Tuesday-Blitz-August-29-2023"]
[Site "Chess.com"]
[Date "2023.08.29"]
[Round "8"]
[White "TreinadorBR"]
[Black "Bala-Afiada"]
[Result "0-1"]
[WhiteElo "2309"]
[BlackElo "2003"]
[TimeControl "180+1"]
[EndTime "15:27:48 PDT"]
[Termination "Bala-Afiada won by checkmate"]

1. e4 c5 2. Nf3 Nc6 3. d4 cxd4 4.
Nxd4 Nf6 5. Nc3 d6 6. Bg5 Nxd4 7.
Qxd4 e6 8. O-O-O Be7 9. f3 O-O 10. Be3 Qa5 11. Kb1 Rd8 12. g4 d5 13. e5 Nd7 14. Qd2 Nxe5 15. Qf2 Bb4 16. Bd4 Nc6 17. f4 Nxd4 18. Qxd4 Bxc3 19. Qxc3 Qxc3 20. bxc3 Bd7 21. c4 Bc6 22. cxd5 Bxd5 23. Rg1 Bxa2+ 24. Kxa2 Rxd1 25.
Kb2 Rad8 26. Kc3 a5 27. g5 a4 28. Kb4 R8d4+ 29. Ka3 Ra1+ 30. Kb2 Re1 31. h4 Rdd1 32. Rg3 Rxf1 33. h5 Rxf4 34. g6 hxg6 35. hxg6 fxg6 36. Rxg6 Kf7 37. Rg3 Rb4+ 38. Kc3 Rdb1 39. Rf3+ Ke7 40. Rg3 a3 41. Rxg7+ Kd6 42. Rg8 a2 43. Rd8+ Kc7 44. Ra8 a1=Q+ 45. Rxa1 Rxa1 46. Kxb4 Rc1 47. Kc3 e5 48.
Kd2 Ra1 49. Kd3 Ra4 50. c3 Kc6 51. c4 Kc5 52. Ke4 Rxc4+ 53. Kxe5 b5 54. Ke6 b4 55. Ke5 b3 56. Ke6 b2 57. Ke5 b1=Q 58. Ke6 Qd3 59. Kf6 Re4 60. Kg5 Qf3 61. Kh6 Rg4 62. Kh5 Qh3# 0-1

[Event "Late-Titled-Tuesday-Blitz-August-29-2023"]
[Site "Chess.com"]
[Date "2023.08.29"]
[Round "8"]
[White "GM_shahin"]
[Black "mistrzemi"]
[Result "1-0"]
[WhiteElo "2717"]
[BlackElo "2385"]
[TimeControl "180+1"]
[EndTime "15:27:51 PDT"]
[Termination "GM_shahin won by resignation"]

1. Nf3 Nf6 2. g3 e6 3. Bg2 d5 4. O-O Be7 5. d4 O-O 6. c4 c6 7. Nc3 b6 8. Nd2 Ba6 9. b3 Nbd7 10. e4 Rc8 11. Re1 c5 12. e5 Ne8 13. dxc5 d4 14.
Nce4 Nxc5 15. Nxc5 bxc5 16. Ne4 Qd7 17. Qg4 Bb7 18.
h4 Bxe4 19. Bxe4 f5 20. exf6 Nxf6 21. Qe2 Nxe4 22. Qxe4 Rc6 23. Bf4 Bf6 24. Rad1 Re8 25. Be5 Ra6 26. Re2 Bxe5 27. Qxe5 Qd6 28. Qxd6 Rxd6 29. Re5 Rc8 30. f4 Kf7 31. Kf2 a5 32.
Kf3 Rc7 33. h5 a4 34. f5 exf5 35. Rxf5+ Ke6 36. Kf4 axb3 37. axb3 Rb7 38. Re1+ Kd7 39. Rf7+ Kc6 40. Rxb7 Kxb7 41. Re7+ Ka6 42. Ke5 d3 43. Kxd6 d2 44. Kxc5 d1=Q 45. Re6+ Kb7 46. Re7+ Kc8 47. Rxg7 Qxh5+ 48. Kb4 Qh6 49. Rg4 Qd2+ 50.
Kc5 Qd7 51. Rd4 Qe7+ 52. Kb5 Kb7 53. Rd5 Qe8+ 54. Kb4 Qf8+ 55. c5 Qf1 56. Rd7+ Kc6 57. Rd6+ Kc7 58. Re6 Qe1+ 59. Rxe1 1-0

[Event "Late-Titled-Tuesday-Blitz-August-29-2023"]
[Site "Chess.com"]
[Date "2023.08.29"]
[Round "8"]
[White "FredddieCroderg"]
[Black "ritanovikova"]
[Result "1-0"]
[WhiteElo "2313"]
[BlackElo "2154"]
[TimeControl "180+1"]
[EndTime "15:27:53 PDT"]
[Termination "FredddieCroderg won by checkmate"]

1. e4 e5 2. Bc4 Nf6 3. Qf3 Bc5 4. d3 h6 5. Be3 Bxe3 6. fxe3 O-O 7. Nc3 c6 8. Nh3 d5 9. exd5 Bg4 10. Qg3 cxd5 11. Bb3 d4 12. Nb1 dxe3 13. Qxe3 Nc6 14. O-O Qd6 15.
Nf2 Be6 16. Nc3 Nd4 17. Nfe4 Nxe4 18. Nxe4 Qe7 19. Bxe6 Qxe6 20. Rf2 b6 21. Rf6 Qg4 22. Qd2 Ne2+ 23. Kh1 Nf4 24. Rc6 f5 25. Ng3 Qg6 26. Rxg6 Nxg6 27. Rf1 f4 28. Ne4 Rad8 29. Qc3 Rfe8 30.
Qc6 Nh4 31. Qb7 Ra8 32. Nd6 Rf8 33. g3 fxg3 34. Rxf8+ Rxf8 35. hxg3 Nf3 36. Qxa7 Ne1 37. Qxb6 Nxc2 38. Qb3+ Kh7 39. Qxc2 Rd8 40. d4+ g6 41. dxe5 Kg7 42. Qd3 Rf8 43. Qd4 Kh7 44. e6 h5 45. e7 Rb8 46. e8=Q Rxe8 47. Nxe8 Kh6 48. Qf6 h4 49. Qxh4# 1-0

[Event "Late-Titled-Tuesday-Blitz-August-29-2023"]
[Site "Chess.com"]
[Date "2023.08.29"]
[Round "8"]
[White "lamomiajunior"]
[Black "Goffredo_Fofi"]
[Result "0-1"]
[WhiteElo "2724"]
[BlackElo "2552"]
[TimeControl "180+1"]
[EndTime "15:27:54 PDT"]
[Termination "Goffredo_Fofi won by resignation"]

1. d4 g6 2. Nc3 Bg7 3. e4 c6 4. f4 d5 5. e5 h5 6. Nf3 Nh6 7. Bd3 Bf5 8. O-O e6 9. Ne2 Bxd3 10.
Be3 Bxe2 11. Qxe2 Nf5 12. Bf2 Bf8 13. c4 dxc4 14. Qxc4 Nd7 15. Ng5 Nb6 16. Qe2 Be7 17. Ne4 Nd5 18. g3 Qb6 19. Rfd1 Qb5 20. Qf3 a5 21. a4 Qb6 22. Rac1 Qb4 23. b3 Qb6 24. Rc4 Qd8 25. h3 Rc8 26. Rdc1 Qd7 27. Rd1 b5 28. Rcc1 bxa4 29. bxa4 Kf8 30. Rb1 Kg7 31. Rbc1 Rb8 32. Rc2 Rb6 33. Rdc1 Rhb8 34. Nd2 Rb4 35. Qe4 c5 36. Rc4 cxd4 37. g4 hxg4 38. hxg4 Nfe3 39. Rxd4 Nxg4 40. Bg3 Rxd4 41. Qxd4 Rb4 42. Qd3 Qxa4 43.
Rf1 Bc5+ 44. Kh1 Rd4 45. Qe2 Qc2 46. Qxg4 Rxd2 47. f5 exf5 48. Qh4 Qe4+ 49. Qxe4 fxe4 50. Bh4 e3 51. Bg5 e2 52. Rg1 Rd1 53. Bh4 Rxg1+ 0-1

[Event "Late-Titled-Tuesday-Blitz-August-29-2023"]
[Site "Chess.com"]
[Date "2023.08.29"]
[Round "8"]
[White "Zq1"]
[Black "jamengrand"]
[Result "1/2-1/2"]
[WhiteElo "2520"]
[BlackElo "2368"]
[TimeControl "180+1"]
[EndTime "15:27:54 PDT"]
[Termination "Game drawn by repetition"]

1. d4 d5 2. Nf3 Nf6 3. c4 e6 4.
e3 a6 5. Nbd2 c5 6. cxd5 exd5 7.
Bd3 Nc6 8. dxc5 Bxc5 9. O-O O-O 10. Nb3 Ba7 11. Bd2 Bg4 12. Be2 Rc8 13. h3 Bh5 14.
Be1 Re8 15. Rc1 Bb8 16. Nfd4 Bxe2 17. Nxe2 Ne4 18. Nbd4 Qf6 19. Nxc6 bxc6 20. Bc3 Qd6 21. g3 c5 22. Nf4 Rcd8 23. Qf3 Qb6 24. Rfd1 Bxf4 25.
Qxf4 d4 26. exd4 cxd4 27. Be1 d3 28. Rc7 Qg6 29. Bc3 h6 30. h4 Nxc3 31. Rxc3 Re2 32. Qf3 Rxb2 33. Rcxd3 Rxd3 34. Rxd3 Rxa2 35. Rd8+ Kh7 36.
Qa8 Qb1+ 37. Kg2 Ra1 38. Rh8+ Kg6 39. Qc6+ f6 40. Qe8+ Kf5 41. Qd7+ Kg6 42. Qe8+ Kf5 43. Qd7+ Kg6 44. h5+ Kxh5 45. Qh3+ Kg6 46. Qg4+ Kf7 47.
Qd7+ Kg6 48. Qg4+ Kf7 49. Qd7+ Kg6 50. Qg4+ 1/2-1/2